 Dungeon Crawl Stone Soup version 0.24-a0-203-gf0bc1e9 (webtiles) character file.

Game seed: 7270048167928094002

218 Borgoz the Cutter (level 6, -10/37 HPs)
             Began as a Kobold Gladiator on Mar 26, 2019.
             Killed by divine providence
             ... invoked by an orc priest
              (12 damage)
             ... on level 4 of the Dungeon.
             The game lasted 00:07:19 (3361 turns).

Borgoz the Cutter (Kobold Gladiator)                Turns: 3361, Time: 00:07:20

Health: -10/37     AC:  5    Str: 13    XL:     6   Next: 17%
Magic:  8/8        EV: 16    Int: 14    God:
Gold:   106        SH:  0    Dex: 17    Spells: 8/8 levels left

rFire    . . .     SeeInvis .   a - +0 rapier
rCold    . . .     Gourm    .   (shield restricted)
rNeg     . . .     Faith    .   b - +0 leather armour
rPois    .         Spirit   .   c - +0 helmet
rElec    .         Reflect  .   (no cloak)
rCorr    .         Harm     .   (no gloves)
MR       .....                  g - +0 pair of boots
Stlth    ++........             (no amulet)
HPRegen  0.12/turn              (no ring)
MPRegen  0.11/turn              (no ring)

@: brilliant, flying
A: small, carnivore
a: no special abilities


You were on level 4 of the Dungeon.
You were completely stuffed.

You visited 1 branch of the dungeon, and saw 4 of its levels.

You collected 106 gold pieces.

Inventory:

Hand Weapons
 a - a +0 rapier (weapon)
Missiles
 d - a throwing net (quivered)
Armour
 b - a +0 leather armour (worn)
 c - a +0 helmet (worn)
 g - a +0 pair of boots (worn)
Jewellery
 p - an uncursed ring of flight
Scrolls
 e - 2 scrolls of amnesia {unknown}
 i - 6 scrolls of identify {unknown}
 o - a scroll of teleportation {unknown}
 q - a scroll of remove curse {unknown}
 r - a scroll of immolation {unknown}
 s - a scroll of enchant armour {unknown}
Potions
 l - a potion of ambrosia {unknown}
 n - a potion of magic {unknown}
Comestibles
 f - 7 rations


   Skills:
 + Level 3.0 Fighting
 + Level 4.8 Short Blades
 + Level 3.0 Throwing
 * Level 2.1 Armour
 + Level 4.3 Dodging
 + Level 2.1 Stealth
 + Level 1.7 Spellcasting


You had 8 spell levels left.
You didn't know any spells.
Your spell library was empty.

Dungeon Overview and Level Annotations

Branches:
Dungeon (4/15)
 Temple: D:4-7

Altars:
Gozag
Ru
Trog
Uskayaw
Xom


Innate Abilities, Weirdness & Mutations

You are small and have problems with some larger weapons.
You are carnivorous and can eat meat at any time.


Message History

The orc priest hits you but does no damage.
Throwing (i - inventory)
d - 2 throwing nets (quivered)
Press: ? - help, Shift-Dir - straight line, f - orc priest
Aim: an orc priest, wielding a +0 whip and wearing a +0 leather armour (severely wounded)
You throw a throwing net. The throwing net hits the orc priest.
The orc priest is caught in the net!
The orc priest is severely wounded.
The orc priest mumbles some strange prayers to Beogh against you.
Beogh smites you!
* * * LOW HITPOINT WARNING * * *
The orc priest struggles against the net.
You hit the orc priest.
The orc priest is severely wounded.
You hit the orc priest but do no damage.
The orc priest is severely wounded.
You hit the orc priest.
The orc priest is almost dead.
The orc priest mumbles some strange prayers to Beogh against you.
Beogh smites you!
You die...

............#
............#
............#
............+
......$.)...# ####
.##......#######
... +..............
..# ##.##.#o)######
#.## # #.#@.# ...#
..#..#
...#############..#
................<.#
..#################
....# ......#
###.#.# .. #


You could see an orc priest (caught).

Vanquished Creatures
  A crimson imp (D:3)
  A hound (D:3)
  An orc priest (D:4)
  An orc wizard (D:3)
  2 adders
  4 dart slugs
  4 leopard geckos
  3 orcs
  2 giant cockroaches
  4 goblins
  8 hobgoblins
  5 jackals (D:2)
  9 kobolds
  A quokka (D:3)
  4 ball pythons
  6 bats
  6 frilled lizards
  3 rats
65 creatures vanquished.

Notes
Turn   | Place    | Note
-------+----------+-------------------------------------------
     0 | D:1      | Borgoz the Kobold Gladiator began the quest for the Orb.
     0 | D:1      | Reached XP level 1. HP: 12/12 MP: 1/1
   201 | D:1      | Reached XP level 2. HP: 12/17 MP: 2/2
   764 | D:1      | Reached XP level 3. HP: 22/22 MP: 3/3
   768 | D:1      | Reached skill level 1 in Armour
   831 | D:1      | Reached skill level 1 in Stealth
  1661 | D:2      | Found a hide-covered altar of Uskayaw.
  1661 | D:2      | Found a shimmering altar of Xom.
  1666 | D:2      | Found a bloodstained altar of Trog.
  1668 | D:2      | Found a sacrificial altar of Ru.
  1670 | D:2      | Found an opulent altar of Gozag.
  1717 | D:2      | Reached XP level 4. HP: 23/27 MP: 5/5
  2309 | D:3      | Reached skill level 1 in Spellcasting
  2423 | D:3      | Reached XP level 5. HP: 22/31 MP: 5/7
  3322 | D:3      | Reached XP level 6. HP: 32/36 MP: 8/8
  3361 | D:4      | Killed from afar by an orc priest

Levels and vault maps discovered:
D:1:      dpeg_cavernosity, layout_basic, minmay_lizard_pond
D:2:      layout_loops_ring, chequers_temple_overflow_minitemple, first_ration,
          kennysheep_cross_bottleneck, chequers_serial_rivers_micro_d,
          minmay_misc_feat_secret_circle
D:3:      layout_rooms, grunt_ministairs_12
D:4:      layout_basic, uniq_robin

Skill      XL: |  1  2  3  4  5  6 |
---------------+-------------------+-----
Armour         | 1 2 |  2.1
Stealth        | 1 2 |  2.1
Dodging        | 4 |  4.3
Spellcasting   | 1 |  1.7
Throwing       | 3 |  3.0
Fighting       | 3 |  3.0
Short Blades   | |  4.8

Action                   |  1- 3 |  4- 6 || total
-------------------------+-------+-------++-------
Melee: Rapier            |   105 |   138 ||   243
Throw: Throwing net      |       |     2 ||     2
  Use: Potion            |       |     4 ||     4
 Stab: Sleeping          |     4 |     5 ||     9
       Distracted        |       |     1 ||     1
       Held in net/web   |       |     2 ||     2
  Eat: Chunk             |    11 |     5 ||    16
Armor: Leather armour    |    23 |    23 ||    46
Dodge: Dodged            |    59 |   116 ||   175

Table legend:
 A = Non-vault XP
 B = Vault XP
 C = Vault XP percentage of total XP
 D = Non-vault monster count
 E = Vault monster count
 F = Vault count percentage of total count
                 A         B        C        D         E       F
            +---------+---------+-------+---------+---------+-------
      Total |     300 |      12 |   3.8 |      57 |       8 |  12.3
            +---------+---------+-------+---------+---------+-------
        D:1 |      42 |       7 |  14.3 |      19 |       6 |  24.0
        D:2 |      54 |       0 |   0.0 |      23 |       0 |   0.0
        D:3 |     155 |       5 |   3.1 |      10 |       2 |  16.7
        D:4 |      49 |       0 |   0.0 |       5 |       0 |   0.0
            +---------+---------+-------+---------+---------+-------
